 Dungeon Crawl Stone Soup version 0.22.1-1-ga44c0e56f4 (webtiles) character file.

2149 Jynx the Transmogrifier (level 9, 0/53 HPs)
             Began as an Octopode Transmuter on Oct 27, 2018.
             Was a Believer of Ashenzari.
             Slain by a hippogriff (6 damage)
             ... on level 7 of the Dungeon.
             The game lasted 00:18:20 (9468 turns).

Jynx the Transmogrifier (Octopode Transmuter)       Turns: 9468, Time: 00:18:20

Health: 0/53       AC:  1    Str:  9    XL:     9   Next: 31%
Magic:  12/16      EV: 17    Int: 16    God:    Ashenzari [**....]
Gold:   323        SH:  0    Dex: 15    Spells: 2/17 levels left

rFire    . . .     SeeInvis .     - Unarmed
rCold    . . .     Gourm    .   (shield currently unavailable)
rNeg     . . .     Faith    .   (helmet restricted)
rPois    .         Spirit   .   (no amulet)
rElec    .         Reflect  .   (no ring)
rCorr    .         Harm     .   (no ring)
MR       .....                  (no ring)
Stlth    ++........             (no ring)
HPRegen  0.17/turn              (no ring)
MPRegen  0.15/turn              (no ring)
                                (no ring)
                                (no ring)

@: blade tentacles
A: almost no armour, stealthy swim, amphibious, 8 rings, constrict 8, camouflage
1, gelatinous body 1
a: End Transformation, Curse Item, Scrying, Renounce Religion


You were on level 7 of the Dungeon.
You worshipped Ashenzari.
Ashenzari was pleased with you.
You were not hungry.
You had blades for tentacles.
You visited 1 branch of the dungeon, and saw 7 of its levels.

You collected 323 gold pieces.

Inventory:

Missiles
 a - 73 arrows
Wands
 l - a wand of polymorph (15)
 n - a wand of flame (8)
Scrolls
 d - 6 scrolls of identify
 e - 3 scrolls of enchant weapon {unknown}
 f - 4 scrolls of teleportation
 p - 3 scrolls of remove curse
 q - 3 scrolls of enchant armour {unknown}
 t - a scroll of noise {unknown}
 w - a scroll of immolation {unknown}
 x - a scroll of fear {unknown}
 y - a scroll of holy word {unknown}
 z - a scroll of acquirement {unknown}
Potions
 b - 3 potions of agility
 g - 3 potions of resistance {unknown}
 h - a potion of brilliance {unknown}
 i - a potion of experience {unknown}
 j - 3 potions of flight {unknown}
 k - a potion of lignification {unknown}
 m - 2 potions of mutation {unknown}
 o - a potion of heal wounds
 r - 2 potions of haste
 u - 2 potions of curing {unknown}
 v - a potion of magic {unknown}
Comestibles
 c - 8 rations
 s - a chunk of flesh


   Skills:
 - Level 1.0 Fighting
 + Level 6.3 Dodging
 + Level 4.3 Unarmed Combat
 - Level 4.9 Spellcasting
 * Level 8.8 Transmutations


You had 2 spell levels left.
You knew the following spells:

 Your Spells              Type           Power        Failure   Level  Hunger
a - Beastly Appendage     Tmut           ####..       11%         1    None
b - Sticks to Snakes      Tmut           ####....     13%         2    ##.....
c - Spider Form           Tmut/Pois      ###.......   41%         3    ###....
d - Blade Hands           Tmut           ####......   50%         5    ######.
e - Ice Form              Ice/Tmut       ###.....     69%         4    ####...

Your spell library contained the following spells:

 Spells                   Type           Power        Failure   Level  Hunger


Dungeon Overview and Level Annotations

Branches:
Dungeon (7/15)             Temple (0/1) D:6

Altars:
Ashenzari
Kikubaaqudgha
Okawaru
Qazlal
Trog
Wu Jian
The Shining One

Shops:
D:4 *   D:5 %


Innate Abilities, Weirdness & Mutations

You cannot wear most types of armour.
You are very stealthy in the water. (Stealth+)
You are amphibious.
You can wear up to eight rings at the same time.
You can use your tentacles to constrict eight enemies at once.
Your skin changes colour to match your surroundings (Stealth+).
Your rubbery body absorbs attacks. (AC +1, EV +1)


Message History

The hippogriff bites you but does no damage.
The hippogriff barely misses you. The hippogriff claws you.
You completely miss the hippogriff.
The hippogriff is moderately wounded.
The hippogriff misses you. The hippogriff pecks you. The hippogriff claws you!
You are too injured to fight recklessly!
You are too injured to fight recklessly!
You are too injured to fight recklessly!
You hit the hippogriff.
The hippogriff is heavily wounded.
The hippogriff completely misses you. The hippogriff pecks you!
* * * LOW HITPOINT WARNING * * *
The hippogriff claws you.
* * * LOW HITPOINT WARNING * * *
You slash the hippogriff! You squeeze the hippogriff.
The hippogriff is severely wounded.
The hippogriff bites you.
* * * LOW HITPOINT WARNING * * *
The hippogriff pecks you.
You die...

###.###########*
, #.............#
..#
#.#.....#####.#
..# #.#####.#
#.#*..# * #, #.#
#.#*..# , ,* #.#
#.# ..# * * #.#
*#.##..#** # #.#*
#.#.#..#..$. , ,
#.. ..###@..Z.# ,
,*
######,#.#H......
* ,* *#?#*#.#####
#. *...,, , ** #
* * ### , , ,, ,*
* * *


You could see a hippogriff and a centaur zombie.

Vanquished Creatures
  Sigmund (D:2)
  A hungry ghost (D:5)
  2 ogres (D:4)
  A phantom (D:6)
  An ice beast (D:5)
  2 bullfrogs
  Dowan (D:4)
  3 wights (D:6)
  7 crimson imps
  2 centaur zombies
  3 jellies (D:6)
  A bullfrog skeleton (D:5)
  4 hounds
  3 orc wizards
  2 orc priests
  Jessica (D:3)
  An iguana (D:6)
  Ijyb (D:3)
  5 worker ants
  A hound skeleton (D:4)
  Robin (D:3)
  3 river rats (D:3)
  9 adders
  4 gnolls (D:6)
  A shadow imp (D:5)
  4 oozes
  3 adder skeletons
  2 worms
  3 dart slugs
  3 leopard geckos
  14 orcs
  5 giant cockroaches
  15 goblins
  12 hobgoblins
  3 jackals (D:5)
  3 quokkas
  5 ball pythons
  7 bats
  6 frilled lizards
  5 kobolds
  A leopard gecko skeleton (D:4)
  3 rats
155 creatures vanquished.

Notes
Turn   | Place    | Note
-------+----------+-------------------------------------------
     0 | D:1      | Jynx the Octopode Transmuter began the quest for the Orb.
     0 | D:1      | Reached XP level 1. HP: 13/13 MP: 3/3
   110 | D:1      | Reached XP level 2. HP: 12/18 MP: 3/5
   197 | D:1      | Learned a level 2 spell: Sticks to Snakes
   754 | D:1      | Reached XP level 3. HP: 21/23 MP: 4/6
  1155 | D:2      | Reached skill level 3 in Transmutations
  1415 | D:2      | Found a shattered altar of Ashenzari.
  1421 | D:2      | Became a worshipper of Ashenzari the Shackled
  1738 | D:2      | Noticed Sigmund
  1954 | D:2      | Learned a level 3 spell: Spider Form
  2169 | D:2      | Reached XP level 4. HP: 28/28 MP: 5/7
  2761 | D:2      | Killed Sigmund
  2761 | D:2      | Reached skill level 4 in Transmutations
  2761 | D:2      | Reached XP level 5. HP: 20/33 MP: 2/9
  2761 | D:2      | Reached XP level 6. HP: 23/38 MP: 2/10
  3370 | D:3      | Noticed Robin
  3424 | D:2      | Learned a level 5 spell: Blade Hands
  3491 | D:3      | Killed Robin
  3584 | D:3      | Found an ornate altar of the Wu Jian Council.
  3748 | D:3      | Noticed Ijyb
  3761 | D:3      | Killed Ijyb
  4178 | D:3      | Reached skill level 5 in Transmutations
  4260 | D:3      | Noticed Jessica
  4268 | D:3      | Killed Jessica
  4412 | D:3      | Reached XP level 7. HP: 43/43 MP: 10/12
  4749 | D:3      | Found a glowing golden altar of the Shining One.
  4975 | D:4      | Reached * piety under Ashenzari
  5226 | D:4      | Found Bobe's General Store.
  5849 | D:4      | Noticed Dowan
  6084 | D:4      | Reached skill level 6 in Transmutations
  6373 | D:4      | Killed Dowan
  6394 | D:5      | Entered Level 5 of the Dungeon
  6394 | D:5      | Found Gogo's Food Shoppe.
  6400 | D:5      | Reached XP level 8. HP: 48/48 MP: 8/14
  6477 | D:5      | Found an iron altar of Okawaru.
  6756 | D:5      | Reached skill level 5 in Dodging
  6773 | D:5      | Reached skill level 7 in Transmutations
  6857 | D:5      | Found an ancient bone altar of Kikubaaqudgha.
  7293 | D:5      | Found a stormy altar of Qazlal.
  7560 | D:6      | Learned a level 4 spell: Ice Form
  7958 | D:6      | Found a staircase to the Ecumenical Temple.
  7994 | D:6      | Reached skill level 8 in Transmutations
  8114 | D:6      | Reached XP level 9. HP: 29/53 MP: 16/16
  8391 | D:6      | Found a bloodstained altar of Trog.
  9389 | D:7      | Reached ** piety under Ashenzari
  9468 | D:7      | Slain by a hippogriff

Skill      XL: |  1  2  3  4  5  6  7  8  9 |
---------------+----------------------------+-----
Transmutations | 3 4 5 6 8 |  8.8
Dodging        | 3 4 5 6 |  6.3
Spellcasting   | 3 4 |  4.9
Unarmed Combat | 4 |  4.3
Fighting       | |  1.0

Action                   |  1- 3 |  4- 6 |  7- 9 || total
-------------------------+-------+-------+-------++-------
Melee: Unarmed           |    65 |   159 |   229 ||   453
       Kick              |    15 |    24 |    40 ||    79
       Constrict         |    17 |    29 |    45 ||    91
       Tentacles         |     6 |    22 |    31 ||    59
       Punch             |       |     1 |     6 ||     7
 Cast: Beastly Appendage |    20 |    22 |    28 ||    70
       Sticks to Snakes  |     2 |       |       ||     2
       Spider Form       |       |     6 |     6 ||    12
       Blade Hands       |       |       |    11 ||    11
  Use: Scroll            |     2 |       |       ||     2
 Stab: Sleeping          |     4 |     3 |     3 ||    10
  Eat: Chunk             |     2 |     7 |    19 ||    28
       Ration            |     1 |       |     1 ||     2
Armor: Skin              |    13 |     6 |     2 ||    21
Dodge: Dodged            |    37 |   102 |   163 ||   302
